 Dungeon Crawl Stone Soup version 0.21.1-1-g345015f (webtiles) character file.

7786 Mgcat the Fighter (level 11, -17/79 HPs)
             Began as a Gargoyle Monk on Feb 11, 2018.
             Was a Believer of Ru.
             Demolished by a two-headed ogre
             ... wielding a +0 giant spiked club
              (21 damage)
             ... on level 9 of the Dungeon on Feb 12, 2018.
             The game lasted 00:30:33 (9452 turns).

Mgcat the Fighter (Gargoyle Monk)                   Turns: 9452, Time: 00:30:34

Health: -17/79     AC: 28    Str: 15    XL:     11   Next: 20%
Magic:  3/3        EV:  0    Int: 11    God:    Ru [**....]
Gold:   559        SH:  0    Dex: 15    Spells: 10/10 levels left

rFire    + . .     SeeInvis +   f - +8 Wrath of Trog {antimagic, *Rage}
rCold    . . .     Gourm    .   (shield currently unavailable)
rNeg     + . .     Faith    .   r - +0 crystal plate armour
rPois    ∞         Spirit   .   b - +1 helmet
rElec    +         Reflect  .   k - +0 cloak
rCorr    .         Harm     .   (no gloves)
MR       .....     Rnd*Rage +   P - +2 pair of boots
Stlth    ..........             (no amulet)
HPRegen  0.23/turn              a - ring of see invisible {sInv, !d}
MPRegen  0.08/turn              G - ring of protection from fire {rF+, !d}

@: berserk cooldown, slowed, very slow
A: negative energy resistance 1, electricity resistance, unbreathing,
petrification resistance, rot immunity, no stealth, unskilled 1, AC +8
a: Renounce Religion


You were on level 9 of the Dungeon.
You worshipped Ru.
Ru was pleased with you.
You were not hungry.

You visited 2 branches of the dungeon, and saw 10 of its levels.
You also visited: Sewer and Bailey.

You collected 559 gold pieces.

Inventory:

Hand Weapons
 f - the +8 Wrath of Trog (weapon) {antimagic, *Rage}
   (You found it in a bailey)

   It reduces the magical energy of the wielder, and disrupts the spells and
   magical abilities of those hit.
   Natural abilities and divine invocations are not affected.
   It may make you go berserk in combat.
 n - a +3 spear of venom
   (You found it on level 2 of the Dungeon)
Missiles
 m - 2 throwing nets {=f, !d}
 o - 18 tomahawks (quivered)
 L - 10 exploding tomahawks
Armour
 b - a +1 helmet (worn)
   (You found it on level 4 of the Dungeon)
 d - a +0 ring mail
   (You found it on level 1 of the Dungeon)
 k - a +0 cloak (worn)
   (You found it on level 7 of the Dungeon)
 r - a +0 crystal plate armour (worn)
   (You took it off an orc warrior in a bailey)
 P - a +2 pair of boots (worn)
   (You found it on level 9 of the Dungeon)
Jewellery
 a - a ring of see invisible (left hand) {sInv, !d}
   (You found it on level 4 of the Dungeon)
 e - a +3 ring of intelligence
   (You found it on level 6 of the Dungeon)
 E - an uncursed ring of positive energy {rN+}
   (You found it on level 7 of the Dungeon)
 F - an uncursed ring of protection from magic {MR+, !d}
   (You found it on level 7 of the Dungeon)
 G - a ring of protection from fire (right hand) {rF+, !d}
   (You found it on level 8 of the Dungeon)
Wands
 j - a wand of iceblast (9)
   (You found it on level 6 of the Dungeon)
 p - a wand of paralysis (4)
   (You found it on level 2 of the Dungeon)
 x - a wand of flame (42)
   (You found it on level 6 of the Dungeon)
 B - a wand of random effects (18)
   (You found it on level 6 of the Dungeon)
 N - a wand of disintegration (7)
   (You found it on level 9 of the Dungeon)
Scrolls
 g - 10 scrolls of amnesia
 i - 2 scrolls of remove curse
 l - 3 scrolls of identify
 q - 2 scrolls of teleportation
 y - 2 scrolls of blinking {!r}
 A - 3 scrolls of enchant armour
 H - a scroll of fear
 J - a scroll of fog
 M - a scroll of acquirement {unknown}
Potions
 h - 4 potions of resistance
 t - 2 potions of agility
 u - 2 potions of magic
 w - 3 potions of degeneration {unknown}
 z - 4 potions of flight
 C - a potion of brilliance {unknown}
 D - a potion of berserk rage {unknown}
 I - a potion of invisibility {unknown}
Books
 v - a book of Necromancy
   (You found it on level 7 of the Dungeon)
Miscellaneous
 K - a phial of floods
   (You found it on level 9 of the Dungeon)
Comestibles
 c - 17 rations
 O - 17 chunks of flesh {@w0}


   Skills:
 + Level 13.6 Fighting
 + Level 7.0(7.7) Axes
   Level 5.1(7.2) Maces & Flails
 + Level 1.0 Armour
 - Level 2.1 Dodging


You had 10 spell levels left.
You didn't know any spells.

Dungeon Overview and Level Annotations

Branches:
Dungeon (9/15)             Temple (1/1) D:6
   Lair: D:8-11         Orc: D:9-12

Altars:
Fedhas
Hepliaklqana
Makhleb
Okawaru
Qazlal
Ru
Sif Muna
Trog
Uskayaw
Vehumet
Xom
Zin

Shops:
D:4 *   D:5 =   D:8 (}


Innate Abilities, Weirdness & Mutations

You are resistant to torment.
Your stone body is resilient. (AC +8)
You are immune to poison.
You resist negative energy. (rN+)
You are resistant to electric shocks. (rElec)
You can survive without breathing.
You are immune to petrification.
You are immune to rotting.
You cannot be stealthy.
You are somewhat unskilled. (-1 Apt)


Message History

You hit the killer bee.
The killer bee is lightly wounded.
The killer bee stings you but does no damage. x2
Your crystal plate armour prevents you from hitting the killer bee.
The killer bee is lightly wounded.
The killer bee stings you but does no damage. x3
You miss the killer bee.
The killer bee is lightly wounded.
The killer bee stings you but does no damage. x2
You slash the killer bee!
You kill the killer bee!
You recover from your berserk rage.
The killer bee stings you but does no damage.
You completely miss the killer bee.
The killer bee stings you but does no damage. x3
You slash the killer bee!
The killer bee is almost dead.
The killer bee stings you but does no damage. x3
You slice the killer bee!!
You kill the killer bee!
The killer bee stings you but does no damage. x2
Your crystal plate armour prevents you from hitting the killer bee.
The killer bee stings you but does no damage. x3
A red film seems to cover your vision as you go berserk!
You feel yourself moving faster!
You feel mighty!
You closely miss the killer bee.
The killer bee stings you but does no damage. x2
You miss the killer bee.
The killer bee stings you but does no damage.
The killer bee completely misses you.
You miss the killer bee.
The killer bee stings you but does no damage. x2
You miss the killer bee.
The killer bee stings you but does no damage. x2
You slice the killer bee!!
You kill the killer bee!
The killer bee stings you but does no damage.
You miss the killer bee. The killer bee stings you.
The killer bee stings you but does no damage.
You slice the killer bee!!
You kill the killer bee!
The killer bee stings you but does no damage.
You slice the killer bee!!
You kill the killer bee!
No target in view!
No target in view!
No target in view!
Things that are here:
a killer bee corpse x3
You feel a strong urge to attack something.
You are no longer berserk.
You are exhausted.
You feel yourself slow down.
Some of the chunks of flesh in your inventory have rotted away.
A sky beast comes into view.
The sky beast flickers out of sight for a moment.
You slash the sky beast!
The sky beast is heavily wounded.
The sky beast hits you but does no damage. x2
You slice the sky beast!!
You kill the sky beast!
Your Armour skill increases to level 1!
No target in view!
No target in view!
You see here a falchion.
A two-headed ogre comes into view. It is wielding two giant spiked clubs.
The two-headed ogre shouts in stereo!
The two-headed ogre hits you but does no damage.
The two-headed ogre hits you with a giant spiked club!
You slash the two-headed ogre!
The two-headed ogre is lightly wounded.
The two-headed ogre hits you with a giant spiked club.
The two-headed ogre hits you with a giant spiked club! x2
The two-headed ogre hits you but does no damage.
You are too injured to fight recklessly!
You are too injured to fight recklessly!
You are too injured to fight recklessly!
You are too injured to fight recklessly!
Your crystal plate armour prevents you from hitting the two-headed ogre.
The two-headed ogre is lightly wounded.
The two-headed ogre hits you but does no damage.
The two-headed ogre hits you with a giant spiked club.
You hit the two-headed ogre.
The two-headed ogre is moderately wounded.
The two-headed ogre hits you with a giant spiked club.
The two-headed ogre hits you but does no damage. x2
The two-headed ogre hits you with a giant spiked club.
You slash the two-headed ogre!
The two-headed ogre is heavily wounded.
The two-headed ogre hits you with a giant spiked club!
* * * LOW HITPOINT WARNING * * *
The two-headed ogre hits you with a giant spiked club.
* * * LOW HITPOINT WARNING * * *
Your crystal plate armour prevents you from hitting the two-headed ogre.
The two-headed ogre is heavily wounded.
The two-headed ogre hits you but does no damage. x3
The two-headed ogre hits you with a giant spiked club!
* * * LOW HITPOINT WARNING * * *
The two-headed ogre hits you with a giant spiked club!!
You die...

#..# #.#
#..#######.#
#....†.....#
#.##########
#.# #.# #.#
#)# #@# #
#O#
#####.##.#
.........#
......####
#####


You could see a two-headed ogre.

Vanquished Creatures
  A two-headed ogre (D:8)
  The ghost of Fairytaker the Cleaver, a novice HOFi (D:6)
  A hippogriff (D:8)
  7 yaks (D:9)
  Grum (D:8)
  2 soldier ants (D:8)
  9 orc warriors (Bailey)
  4 sky beasts
  2 phantoms
  4 ice beasts
  2 wolves (D:8)
  3 ogres
  The ghost of komo4ek the Charlatan, an amateur CeAr (D:3)
  9 centaurs
  Blork the orc (D:4)
  4 bullfrogs
  3 scorpions
  9 killer bees
  A howler monkey (D:5)
  4 crimson imps
  A quasit (D:6)
  A centaur zombie (D:8)
  2 bullfrog zombies
  6 hounds
  A jelly (D:7)
  4 orc priests
  2 orc wizards
  A bullfrog skeleton (D:8)
  4 iguanas
  3 worker ants
  Natasha (thrice) (D:2 D:4)
  A hound zombie (D:6)
  7 gnolls
  A howler monkey zombie (D:6)
  9 adders
  2 shadow imps
  4 oozes (Sewer)
  3 adder skeletons
  An adder zombie (D:8)
  6 worms
  2 dart slugs
  5 leopard geckos
  49 orcs
  18 bats
  11 giant cockroaches
  4 hobgoblins
  23 jackals
  14 kobolds
  4 quokkas
  4 ball pythons
  12 frilled lizards
  10 goblins
  2 quokka zombies
  9 rats
  A plant (D:3)
299 creatures vanquished.

Vanquished Creatures (others)
  An orc warrior (Bailey)
  6 fungi (D:4)
7 creatures vanquished.

Grand Total: 306 creatures vanquished

Notes
Turn   | Place    | Note
-------+----------+-------------------------------------------
     0 | D:1      | Mgcat the Gargoyle Monk began the quest for the Orb.
     0 | D:1      | Reached XP level 1. HP: 14/14 MP: 1/1
   555 | D:1      | Reached XP level 2. HP: 19/19 MP: 2/2
   779 | D:2      | Found a stormy altar of Qazlal.
   823 | D:2      | Reached skill level 4 in Fighting
   823 | D:2      | Reached XP level 3. HP: 13/24 MP: 3/3
   925 | D:2      | Reached skill level 4 in Maces & Flails
   925 | D:2      | Reached XP level 4. HP: 27/30 MP: 4/4
  1181 | D:2      | Noticed Natasha
  1185 | D:2      | Killed Natasha
  1411 | D:2      | Reached XP level 5. HP: 34/34 MP: 5/5
  1424 | D:2      | Found a bloodstained altar of Trog.
  1502 | D:3      | Noticed komo4ek's ghost (amateur CeAr)
  1540 | D:3      | Killed komo4ek's ghost
  1540 | D:3      | Reached skill level 5 in Fighting
  1679 | D:3      | Reached skill level 5 in Maces & Flails
  1683 | D:3      | Reached XP level 6. HP: 40/40 MP: 6/6
  1734 | D:3      | Found a glowing silver altar of Zin.
  1737 | D:3      | Found a burning altar of Makhleb.
  1744 | D:3      | Found a blossoming altar of Fedhas.
  1757 | D:3      | Noticed an angel
  1757 | D:3      | Noticed a blizzard demon
  1966 | D:3      | Reached skill level 6 in Fighting
  2412 | D:4      | Got a crystal dagger
  2413 | D:4      | Identified the +3 dagger of Ofazinyt {pierce, rElec rPois MR-} (You found it on level 4 of the Dungeon)
  2420 | D:4      | Noticed Natasha
  2432 | D:4      | Killed Natasha
  2436 | D:4      | Reached XP level 7. HP: 31/47 MP: 7/7
  2479 | D:4      | Found Hytwei's Assorted Antiques.
  2564 | D:4      | Reached skill level 7 in Fighting
  2854 | D:4      | Noticed Blork the orc
  2869 | D:4      | Killed Blork the orc
  2869 | D:4      | Reached skill level 8 in Fighting
  2911 | D:4      | Noticed Natasha
  2914 | D:4      | Killed Natasha
  3305 | D:5      | Entered Level 5 of the Dungeon
  3350 | D:5      | Found Pisain's Jewellery Emporium.
  3439 | D:5      | Reached XP level 8. HP: 53/56 MP: 8/8
  3480 | D:5      | Reached skill level 9 in Fighting
  3594 | D:5      | Found a hazy altar of Hepliaklqana.
  3747 | D:5      | Reached skill level 10 in Fighting
  3765 | D:5      | Found a glowing drain.
  3788 | Sewer    | Entered a sewer
  4541 | D:6      | Noticed Fairytaker's ghost (novice HOFi)
  4589 | D:6      | HP: 8/59 [Fairytaker's ghost (13)]
  4594 | D:6      | Killed Fairytaker's ghost
  4594 | D:6      | Reached skill level 11 in Fighting
  4594 | D:6      | Reached XP level 9. HP: 44/65 MP: 9/9
  4825 | D:6      | Found a staircase to the Ecumenical Temple.
  4861 | Temple   | Entered the Ecumenical Temple
  4867 | Temple   | Became a worshipper of Ru the Awakened
  4888 | D:6      | Gained mutation: You are somewhat unskilled. (-1 Apt) [Ru sacrifice]
  4888 | D:6      | Reached * piety under Ru
  4888 | D:6      | Reached ** piety under Ru
  5023 | D:6      | Found a radiant altar of Vehumet.
  5335 | D:7      | Reached skill level 1 in Axes
  5561 | D:7      | Reached skill level 2 in Axes
  5647 | D:7      | Found an iron altar of Okawaru.
  6043 | D:8      | Found Huadas's Gadget Emporium.
  6053 | D:8      | Noticed Grum
  6053 | D:8      | Reached skill level 3 in Axes
  6067 | D:8      | Killed Grum
  6067 | D:8      | Reached skill level 12 in Fighting
  6102 | D:8      | Reached XP level 10. HP: 53/71 MP: 10/10
  6219 | D:8      | Reached skill level 4 in Axes
  6236 | D:8      | Found Atacsymo's Weapon Shoppe.
  6244 | D:8      | Found a flagged portal.
  6283 | Bailey   | Entered a bailey
  6624 | Bailey   | HP: 9/72 [orc warrior/spear (11)]
  7242 | Bailey   | Gained mutation: You cannot be stealthy. [Ru sacrifice]
  7242 | Bailey   | Reduced skill Stealth to level 0
  7766 | Bailey   | Reached skill level 5 in Axes
  8852 | D:8      | Noticed a two-headed ogre
  8858 | D:8      | Killed a two-headed ogre
  8858 | D:8      | Reached skill level 13 in Fighting
  8858 | D:8      | Reached skill level 6 in Axes
  9089 | D:9      | Reached XP level 11. HP: 78/78 MP: 3/11
  9369 | D:9      | Reached skill level 7 in Axes
  9433 | D:9      | Reached skill level 1 in Armour
  9443 | D:9      | Noticed a two-headed ogre
  9448 | D:9      | HP: 15/79 [two-headed ogre/giant spiked club (11)]
  9449 | D:9      | HP: 3/79 [two-headed ogre/giant spiked club (12)]
  9452 | D:9      | Demolished by a two-headed ogre

Skill      XL: |  1  2  3  4  5  6  7  8  9 10 11 |
---------------+----------------------------------+-----
Fighting       | 4 5 6 8 11 12 13 | 13.6
Maces & Flails | 4 5 |  5.1
Axes           | 3 6 7 |  7.0
Stealth        | 0 |  0.0
Armour         | 1 |  1.0
Dodging        | |  2.1

Action                   |  1- 3 |  4- 6 |  7- 9 | 10-12 || total
-------------------------+-------+-------+-------+-------++-------
Melee: Mace              |    68 |    15 |       |       ||    83
       Spear             |       |   214 |   596 |   247 ||  1057
       Battleaxe         |       |       |       |   129 ||   129
Throw: Tomahawk          |       |     4 |    10 |    20 ||    34
Invok: Sacrifice Skill   |       |       |     1 |       ||     1
       Sacrifice Stealth |       |       |       |     1 ||     1
Evoke: Wand              |       |     1 |       |       ||     1
  Use: Scroll            |       |       |    17 |       ||    17
       Potion            |       |       |     5 |     1 ||     6
 Stab: Sleeping          |       |     4 |     3 |       ||     7
       Paralysed         |       |    10 |       |       ||    10
       Distracted        |       |     1 |       |       ||     1
       Invisible         |       |       |       |     2 ||     2
  Eat: Chunk             |       |     5 |    14 |    11 ||    30
Armor: Ring mail         |    32 |    85 |   325 |   188 ||   630
       Crystal plate arm |       |       |       |    97 ||    97
Dodge: Dodged            |    41 |   118 |   394 |   247 ||   800

Vault maps used:
D:1:      dpeg_arrival_short_road, minmay_split_cup_small
D:2:      grunt_qazlal_sundering, first_ration, trog_book, uniq_natasha
D:3:      grunt_temple_overflow_order_and_chaos_2, lemuel_crystal_altar,
          serial_forest, infiniplex_forest_clump_medium,
          infiniplex_forest_fountain, infiniplex_forest_clump_diagonal,
          infiniplex_forest_lined_corner, infiniplex_forest_diagonal,
          infiniplex_forest_end_3, infiniplex_forest_corner_1
D:4:      serial_aquarium, aquarium_bridge_square, aquarium_bridge_square,
          aquarium_window_corner, aquarium_window_corridor_1,
          aquarium_window_fake, aquarium_window_1, aquarium_view_2e,
          serial_shops, nicolae_shop_stone, uniq_blork_the_orc
D:5:      kennysheep_mini_moat, portal_sewer_entry_b, serial_shops,
          nicolae_shop_statue_plus, minmay_misc_feat_plants
D:6:      minmay_temple_entry_glass, vehumet_altar_wand_db
D:7:      okawaru_metal_pillars_1_2
D:8:      serial_shops, shop, shop, enter_bailey_3, hangedman_pestilent_swarm,
          minmay_unpleasant_kobolds, uniq_grum
D:9:      uniq_psyche
Temple:   eino_temple_rhombus
Sewer:    sewer_fruit_machine
Bailey:   bailey_polearm_flooded_kennysheep, bailey

Table legend:
 A = Turns spent in this place as a percentage of turns spent in the entire game.
 B = Non-inter-level travel turns spent in this place as a percentage of non-inter-level travel turns spent in the entire game.
 C = Inter-level travel turns spent in this place as a percentage of turns spent in this place.
 D = Turns resting spent in this place as a percentage of non-inter-level travel turns spent in this place.
 E = Turns spent auto-exploring this place as a percentage of non-inter-level travel turns spent in this place.
 F = Non-inter-level travel turns spent in this place divided by the number of levels of this place that you've seen.
                   A       B       C       D       E      F
               +-------+-------+-------+-------+-------+----------------------
         Total | 100.0 | 100.0 |   2.6 |   2.4 |  68.2 | 767.1
       Dungeon |  71.0 |  70.2 |   3.7 |   0.1 |  72.0 | 717.9
        Temple |   0.1 |   0.1 |   0.0 |   0.0 |   0.0 |  13.0
         Sewer |   5.6 |   5.8 |   0.0 |   0.0 |  62.0 | 534.0
        Bailey |  23.2 |  23.9 |   0.0 |   9.8 |  58.9 | 2197.0
               +-------+-------+-------+-------+-------+----------------------

Table legend:
 A = Kills in this place as a percentage of kills in entire the game.
 B = Kills by you in this place as a percentage of kills by you in the entire game.
 C = Kills by friends in this place as a percentage of kills by friends in the entire game.
 D = Other kills in this place as a percentage of other kills in the entire game.
 E = Experience gained in this place as a percentage of experience gained in the entire game.
 F = Experience gained in this place divided by the number of levels of this place that you have seen.
                   A       B       C       D       E      F
               +-------+-------+-------+-------+-------+----------------------
         Total | 100.0 | 100.0 |   N/A | 100.0 | 100.0 | 926.9
       Dungeon |  77.9 |  78.2 |   N/A |   0.0 |  80.2 | 990.8
         Sewer |   9.0 |   9.1 |   N/A |   0.0 |   0.7 |  77.0
        Bailey |  13.0 |  12.8 |   N/A | 100.0 |  19.1 | 2129.0
               +-------+-------+-------+-------+-------+----------------------
